 Dungeon Crawl Stone Soup version 0.22-a0-469-gf26638a (webtiles) character file.

21 4thArraOfDagon the Chopper (level 2, -2/27 HPs)
             Began as a Hill Orc Monk on June 13, 2018.
             Was a Believer of Beogh.
             Slain by a goblin
             ... wielding a +0 dagger
              (3 damage)
             ... on level 3 of the Dungeon.
             The game lasted 00:01:50 (312 turns).

4thArraOfDagon the Chopper (Hill Orc Monk)           Turns: 312, Time: 00:01:50

Health: -2/27      AC:  2    Str: 13    XL:     2   Next: 83%
Magic:  2/2        EV: 13    Int: 10    God:    Beogh [**....]
Gold:   34         SH:  0    Dex: 13    Spells: 1/1 levels left

rFire    . . .     SeeInvis .   a - +0 hand axe
rCold    . . .     Gourm    .   (no shield)
rNeg     . . .     Faith    .   b - +0 robe
rPois    .         Spirit   .   (no helmet)
rElec    .         Reflect  .   (no cloak)
rCorr    .         Harm     .   (no gloves)
MR       .....                  (no boots)
Stlth    ++........             (no amulet)
HPRegen  0.09/turn              (no ring)
MPRegen  0.08/turn              (no ring)

@: hasted, very quick
A: no striking features
a: Smiting, Renounce Religion


You were on level 3 of the Dungeon.
You worshipped Beogh.
Beogh was pleased with you.
You were not hungry.

You visited 1 branch of the dungeon, and saw 3 of its levels.

You collected 34 gold pieces.

Inventory:

Hand Weapons
 a - a +0 hand axe (weapon)
Armour
 b - a +0 robe (worn)
Comestibles
 c - a ration


   Skills:
 + Level 3.9 Fighting
 * Level 4.7 Axes
 - Level 2.4 Dodging
 - Level 1.5 Stealth
 + Level 1.3 Invocations


You had one spell level left.
You didn't know any spells.
Your spell library was empty.

Dungeon Overview and Level Annotations

Branches:
Dungeon (3/15)

Altars:

Portals:
Sewer: D:3


Message History

Unknown command.
You start resting.
The orc is too close now for your liking.
You barely miss the orc.
You hear the slow rusting of a distant drain.
The orc misses you.
Unknown command.
You closely miss the orc. You closely miss the goblin.
The goblin hits you with a dagger.
* * * LOW HITPOINT WARNING * * *
Unknown command.
Unknown command.
You hit the orc but do no damage. You miss the goblin. The orc misses you.
Unknown command.
You closely miss the orc. You hit the goblin.
The goblin hits you but does no damage. The orc misses you.
Unknown command.
You closely miss the orc. You hit the goblin.
The goblin hits you with a dagger.
You die...

# #.#.#.#.#
#.#.#.#.#o#
#.#.#.#.#.#######
#...g.#.#..).ooo.
###o###.######o..
####.....# #...
#....#.#.# #...
#.####.#.# #..o
#.o@g..# # #...
######## #...
#.>. #... #### #


You could see an orc and a goblin.

Vanquished Creatures
  A river rat (D:3)
  An orc (D:3)
  A giant cockroach (D:3)
  A goblin (D:3)
  A kobold (D:3)
  2 ball pythons
  4 bats (D:3)
11 creatures vanquished.

Vanquished Creatures (others)
  An orc priest (D:3)
1 creature vanquished.

Grand Total: 12 creatures vanquished

Notes
Turn   | Place    | Note
-------+----------+-------------------------------------------
     0 | D:1      | 4thArraOfDagon the Hill Orc Monk began the quest for the Orb.
     0 | D:1      | Reached XP level 1. HP: 19/19 MP: 1/1
   165 | D:3      | Noticed an orc priest
   166 | D:3      | Became a worshipper of Beogh the Brigand
   166 | D:3      | Reached * piety under Beogh
   166 | D:3      | Reached ** piety under Beogh
   166 | D:3      | Noticed an orc priest
   174 | D:3      | Killed an orc priest
   183 | D:3      | Found a glowing drain.
   213 | D:3      | Reached skill level 1 in Invocations
   213 | D:3      | Reached XP level 2. HP: 13/27 MP: 2/2
   281 | D:3      | HP: 1/27 [orc/falchion (2)]
   309 | D:3      | HP: 1/27 [goblin/dagger (2)]
   312 | D:3      | Slain by a goblin

Vault maps used:
D:1:      mrwooster_arrival_arrow
D:2:      minmay_liquid_box
D:3:      cheibrodos_sewer_entry_sluice, first_ration, minmay_box_of_dots,
          uniq_terence

Skill      XL: |  1 |
---------------+----+-----
Invocations    | 1 |  1.3
Fighting       | |  3.9
Axes           | |  4.7
Dodging        | |  2.4
Stealth        | |  1.5

Action                   || total
-------------------------++-------
Melee: Hand axe          ||    49
Invok: Convert to Beogh  ||     1
  Use: Potion            ||     3
       Scroll            ||     1
 Stab: Invisible         ||     2
Armor: Robe              ||    16
Dodge: Dodged            ||    56

Table legend:
 A = Spawn XP
 B = Non-spawn XP
 C = Spawn XP percentage of total XP
 D = Spawn monster count
 E = Non-spawn monster count
 F = Spawn count percentage of total count
 G = Total turns spent on level
                    A         B        C        D         E        F      G
               +---------+---------+-------+---------+---------+-------+---------
         Total |       0 |      30 |   0.0 |       0 |      11 |   0.0 |   312
               +---------+---------+-------+---------+---------+-------+---------
           D:1 |       0 |       1 |   0.0 |       0 |       1 |   0.0 |   103
           D:3 |       0 |      29 |   0.0 |       0 |      10 |   0.0 |   158
               +---------+---------+-------+---------+---------+-------+---------
